 Dungeon Crawl Stone Soup version 0.26-a0-778-g3fe0686644 (webtiles) character file.

Game seed: 3813197779783397788

90 dolemite99 the Chopper (level 4, 0/58 HPs)
             Began as a Hill Orc Monk on Nov 9, 2020.
             Was an Initiate of Gozag.
             Slain by a scorpion (2 damage)
             ... on level 3 of the Dungeon.
             The game lasted 00:03:10 (2948 turns).

dolemite99 the Chopper (Hill Orc Monk)              Turns: 2948, Time: 00:03:11

Health: 0/58       AC:  5    Str: 12 (14) XL:     4   Next: 56%
Magic:  4/4        EV: 11    Int:  8 (10) God:    Gozag
Gold:   108        SH:  0    Dex: 12 (13) Spells: 3/3 levels left

rFire    . . .     SeeInvis .   a - +0 hand axe
rCold    . . .     Faith    .   (no shield)
rNeg     . . .     Spirit   .   d - +0 ring mail
rPois    .         Reflect  .   (no helmet)
rElec    .         Harm     .   (no cloak)
rCorr    .         Rampage  .   (no gloves)
MR       .....                  (no boots)
Stlth    ..........             (no amulet)
HPRegen  0.19/turn              (no ring)
MPRegen  0.09/turn              (no ring)

@: mighty, berserking, lethally poisoned (0 -> -11), hasted, very quick
A: no striking features
a: Potion Petition, Call Merchant, Bribe Branch, Renounce Religion


You were on level 3 of the Dungeon.
You worshipped Gozag.
Gozag was aware of your devotion.
You visited 1 branch of the dungeon, and saw 3 of its levels.

You collected 108 gold pieces.

Inventory:

Hand Weapons
 a - a +0 hand axe (weapon)
 h - a +0 whip of freezing
 n - a cursed -3 spear
Missiles
 c - 63 stones (quivered)
 g - 54 arrows
 i - 2 javelins
 k - 26 bolts
Armour
 d - a +0 ring mail (worn)
Scrolls
 f - 2 scrolls of remove curse {@r2}
 o - a scroll of identify {unknown}
Potions
 e - a potion of might
 m - a potion of mutation {unknown}


   Skills:
 - Level 3.6 Fighting
 + Level 6.9 Axes
 - Level 2.4 Dodging
 - Level 1.5 Stealth


You had 3 spell levels left.
You didn't know any spells.
Your spell library contained the following spells:

 Spells                   Type           Power        Failure   Level
 Corpse Rot               Necr/Air       N/A          83%         2
 Stone Arrow              Conj/Erth      #.....       96%         3
 Summon Forest            Summ/Tloc      #.........   100%        5
 Eringya's Noxious Bog    Tmut/Pois      #.........   100%        6
 Hydra Form               Tmut           #.........   100%        6
 Summon Hydra             Summ           #.........   100%        7


Dungeon Overview and Level Annotations

Branches:
Dungeon (3/15)

Altars:
Gozag


Message History

It was a potion of haste.
You feel yourself speed up.
* * * LOW HITPOINT WARNING * * *
You feel sick. The scorpion misses you.
It was a potion of degeneration.
There was something very wrong with that liquid.
You feel weakened.
You feel dopey.
You feel clumsy.
* * * LOW HITPOINT WARNING * * *
You feel sick. The scorpion stings you.
* * * LOW HITPOINT WARNING * * *
It was a potion of berserk rage.
A red film seems to cover your vision as you go berserk!
You feel yourself moving faster!
You feel mighty!
* * * LOW HITPOINT WARNING * * *
You feel sick.
You are too berserk!
You slash the scorpion!
The scorpion is heavily wounded.
The scorpion stings you.
You die...
Your body crumbles into a pile of gold.

#.# #.# #.#
######.##
.........#
#######..# #####
#..#######.....
#..........#####
##......@s(((((.
###############


You could see a scorpion.

Vanquished Creatures
  2 adders
  An ooze (D:3)
  2 worms (D:2)
  4 dart slugs
  2 leopard geckos (D:1)
  An orc (D:3)
  A ball python (D:2)
  3 bats
  4 giant cockroaches
  5 goblins
  8 hobgoblins
  7 kobolds
  2 quokkas (D:2)
  2 frilled lizards
  6 rats
50 creatures vanquished.

Notes
Turn   | Place    | Note
-------+----------+-------------------------------------------
     0 | D:1      | dolemite99 the Hill Orc Monk began the quest for the Orb.
     0 | D:1      | Reached XP level 1. HP: 19/19 MP: 1/1
    97 | D:1      | Reached XP level 2. HP: 19/26 MP: 2/2
   447 | D:1      | Reached skill level 5 in Axes
   636 | D:1      | Reached XP level 3. HP: 25/31 MP: 3/3
  1360 | D:2      | Reached skill level 6 in Axes
  2008 | D:2      | Reached XP level 4. HP: 31/39 MP: 4/4
  2481 | D:2      | Found an opulent altar of Gozag.
  2788 | D:2      | Became a worshipper of Gozag Ym Sagoz the Greedy
  2947 | D:3      | HP: 2/58 [poisoned by a scorpion]
  2948 | D:3      | Slain by a scorpion

Illustrated notes

Levels and vault maps discovered:
D:1:      dpeg_arrival_court, layout_rooms, minmay_misc_feat_rows, minivault_19
D:2:      cheibrodos_old_hovel, layout_basic, grunt_gozag_breadcrumbs
D:3:      layout_loops_ring, tgw_trog

Skill      XL: |  1  2  3 |
---------------+----------+-----
Axes           | 5 6 |  6.9
Fighting       | |  3.6
Dodging        | |  2.4
Stealth        | |  1.5

Action                   |  1- 3 |  4- 6 || total
-------------------------+-------+-------++-------
Melee: Hand axe          |   118 |    62 ||   180
Throw: Stone             |    33 |    26 ||    59
  Use: Scroll            |     1 |       ||     1
       Potion            |       |     4 ||     4
Armor: Robe              |     3 |       ||     3
       Ring mail         |    24 |    20 ||    44
Dodge: Dodged            |    69 |    41 ||   110

Table legend: (Time is in decaauts)
 A = Elapsed time spent in this place.
 B = Non-inter-level travel time spent in this place.
 C = Inter-level travel time spent in this place.
 D = Time resting spent in this place.
 E = Time spent auto-exploring this place.
 F = Levels seen in this place.
 G = Mean time per level.
                   A        B        C        D        E       F      G
               +--------+--------+--------+--------+--------+-----+--------+
         Total |   2954 |   2835 |    119 |    858 |   1401 |   3 |  984.7 |
       Dungeon |   2954 |   2835 |    119 |    858 |   1401 |   3 |  984.7 |
               +--------+--------+--------+--------+--------+-----+--------+

Top non-repeatable levels by time:
     D:2: 1676 daAuts
     D:1: 1139 daAuts
     D:3: 138 daAuts
